 Seeded DCSS version 0.30.1-4-g462c640d31 (webtiles) character file.

Game seed: 6891827238002377636 (custom seed)

1944 Mickster the Cleaver (level 9, -1/75 HPs)
             Began as a Hill Orc Berserker on Aug 21, 2023.
             Was a Priest of Trog.
             Slain by a spatial maelstrom (13 damage)
             ... on level 2 of the Abyss.
             The game lasted 00:30:38 (6523 turns).

Mickster the Cleaver (Hill Orc Berserker)           Turns: 6523, Time: 00:30:39

Health: -1/75      AC: 13    Str: 36    XL:     9   Next: 18%
Magic:  9/9        EV: 10    Int:  7    God:    Trog [***...]
Gold:   144        SH:  0    Dex: 10    Spells: 8/8 levels left

rFire   . . .        a - +0 hand axe
rCold   . . .        (no shield)
rNeg    . . .        c - +0 chain mail
rPois   .            v - +0 helmet
rElec   .            e - +0 cloak
rCorr   .            y - +0 pair of gloves
SInv    .            (no boots)
Will    .....        (no amulet) Stlth
                     i - +6 ring of strength
HPRegen 0.32/turn    E - +6 ring of strength
MPRegen 0.11/turn

%: no passive effects
@: on berserk cooldown, slowed, very slow
A: no striking features
a: Renounce Religion, Berserk, Trog's Hand


You were on level 2 of the Abyss.
You worshipped Trog.
Trog was most pleased with you.
You visited 1 branch of the dungeon, and saw 6 of its levels.
You visited the Abyss 1 time.

You collected 232 gold pieces.
You spent 88 gold pieces at shops.

Inventory:

Hand Weapons
 a - a +0 hand axe (weapon)
 u - a +1 dagger of flaming
 w - a +0 sling
Missiles
 l - 2 javelins
 p - 8 poisoned darts
 q - 19 stones
 r - 4 boomerangs (quivered)
 B - 4 throwing nets
Armour
 c - a +0 chain mail (worn)
 e - a +0 cloak (worn)
 v - a +0 helmet (worn)
 y - a +0 pair of gloves (worn)
Jewellery
 i - a +6 ring of strength (left hand)
 x - a +6 ring of intelligence
 C - a ring of positive energy
 E - a +6 ring of strength (right hand)
 H - a ring of see invisible
Wands
 z - a wand of flame (16)
Scrolls
 f - 3 scrolls of magic mapping
 m - 4 scrolls of teleportation
 t - a scroll of fear
Potions
 b - 3 potions of curing {unknown}
 d - a potion of flight {unknown}
 g - a potion of brilliance {unknown}
 h - 2 potions of cancellation
 j - 3 potions of degeneration {unknown}
 k - a potion of mutation {unknown}
 n - a potion of magic {unknown}
 o - a potion of might {unknown}
 s - 3 potions of lignification {unknown}
 A - a potion of resistance {unknown}
 D - a potion of berserk rage {unknown}
 F - a potion of heal wounds {unknown}
 G - a potion of attraction {unknown}


   Skills:
 + Level 5.8 Fighting
 * Level 12.1 Axes
 * Level 2.3 Ranged Weapons
 + Level 5.7 Armour
 + Level 3.0 Dodging
 + Level 1.0 Stealth


You had 8 spell levels left.
You didn't know any spells.
Your spell library was empty.

Dungeon Overview and Level Annotations

Branches:
Dungeon (6/15)             Temple (0/1) D:4

Altars:
Ashenzari
Elyvilon
Kikubaaqudgha
Makhleb
Qazlal
Uskayaw
The Shining One

Shops:
D:6 !


Message History

The small abomination hits you but does no damage.
A red film seems to cover your vision as you go berserk!
You feel yourself moving faster!
You feel mighty! The small abomination hits you.
You slash the small abomination!
The small abomination is heavily damaged.
The small abomination hits you!
You barely miss the small abomination.
The small abomination is heavily damaged.
A spatial maelstrom comes into view.
A spatial vortex comes into view.
You slice the small abomination!!
You destroy the small abomination!
Trog accepts your kill.
Your Axes skill increases to level 12!
Your Dodging skill increases to level 3!
A spatial vortex comes into view.
You feel a strong urge to attack something.
You are no longer berserk.
You are exhausted.
You feel yourself slow down. The spatial maelstrom hits you.
You blink.
You slash the spatial maelstrom!
The spatial maelstrom is lightly damaged.
The spatial maelstrom barely misses you.
The spatial maelstrom hits you but does no damage.
The spatial maelstrom hits you but does no damage. x2
The spatial vortex hits you! Space warps horribly around you!
You barely miss the spatial maelstrom.
The spatial maelstrom is lightly damaged.
The spatial maelstrom hits you but does no damage. x2
The spatial maelstrom hits you.
You blink.
You hit the spatial maelstrom.
The spatial maelstrom is lightly damaged.
The spatial maelstrom hits you. The spatial maelstrom hits you!
Space warps horribly around you!
* * * LOW HITPOINT WARNING * * *
You hit the spatial maelstrom.
The spatial maelstrom is lightly damaged.
The spatial maelstrom hits you!
You die...

###.# #.#.#.
####.#..#.....#
#.#..#.v#..v.# #
##⌠~#.##..... #
#.....##.....##...
#..###.'...#....#
#......'.....#
#..###.'.##...#
##..#.@v..##..#
.#~⌠~##.## ...#
#####.#...# ....
## #.#.# #....
#.### #... ### ...


You could see a spatial maelstrom and a spatial vortex.

Vanquished Creatures
  The ghost of safid the Chiller, a novice MfIE (D:6)
  A small abomination (Abyss:2)
  A phantom (D:5)
  8 kobold brigands (D:6)
  A howler monkey (D:6)
  2 jellies
  2 hounds
  A sleepcap (D:6)
  An orc priest (D:5)
  2 gnoll boudas
  Jessica (D:2)
  3 iguanas
  3 orc wizards
  Robin (D:3)
  9 gnolls
  7 adders
  2 white imps
  3 ufetubi
  A worm (D:2)
  8 orcs
  5 bats
  12 endoplasms
  4 giant cockroaches
  12 goblins
  11 hobgoblins
  2 jackals (D:2)
  6 quokkas
  9 ball pythons
  7 frilled lizards
  A goblin skeleton (D:6)
  2 goblin zombies (D:6)
  A hobgoblin zombie (D:6)
  10 kobolds
  3 kobold skeletons (D:6)
  A kobold zombie (D:6)
  An orc skeleton (D:6)
  An orc zombie (D:6)
  4 rats
150 creatures vanquished.

Notes
Turn   | Place    | Note
-------+----------+-------------------------------------------
     0 | D:1      | Mickster the Hill Orc Berserker began the quest for the
                  | Orb.
     0 | D:1      | Reached XP level 1. HP: 19/19 MP: 1/1
   239 | D:1      | Reached XP level 2. HP: 20/27 MP: 2/2
  1203 | D:2      | Reached XP level 3. HP: 33/33 MP: 3/3
  1377 | D:2      | Reached ** piety under Trog
  1485 | D:2      | Noticed Jessica
  1502 | D:2      | Killed Jessica
  1503 | D:2      | Reached skill level 5 in Axes
  1503 | D:2      | Reached XP level 4. HP: 27/41 MP: 4/4
  2589 | D:3      | Reached XP level 5. HP: 47/47 MP: 5/5
  2605 | D:3      | Reached skill level 6 in Axes
  2788 | D:3      | Found a stormy altar of Qazlal.
  2788 | D:3      | Found a white marble altar of Elyvilon.
  3049 | D:3      | Noticed Robin
  3066 | D:3      | Killed Robin
  3370 | D:4      | Reached XP level 6. HP: 44/53 MP: 6/6
  3439 | D:4      | Reached skill level 7 in Axes
  3565 | D:4      | Reached *** piety under Trog
  3874 | D:4      | Found a staircase to the Ecumenical Temple.
  4140 | D:4      | Found a broken altar of Ashenzari.
  4210 | D:5      | Entered Level 5 of the Dungeon
  4541 | D:5      | Reached XP level 7. HP: 60/60 MP: 7/7
  4712 | D:5      | Reached skill level 8 in Axes
  4712 | D:5      | Reached skill level 1 in Stealth
  4810 | D:5      | Found an ancient bone altar of Kikubaaqudgha.
  5070 | D:6      | Reached skill level 5 in Fighting
  5194 | D:6      | Found Lunyliett's Distillery.
  5196 | D:6      | Found a glowing golden altar of the Shining One.
  5231 | D:6      | Bought a potion of cancellation for 88 gold pieces
  5266 | D:6      | Found a burning altar of Makhleb.
  5567 | D:6      | Found a hide-covered altar of Uskayaw.
  5687 | D:6      | Reached skill level 9 in Axes
  5710 | D:6      | Found a runed translucent gate.
  5710 | D:6      | Found a runed translucent gate.
  5710 | D:6      | Noticed safid's ghost (novice MfIE)
  5712 | D:6      | Found a runed translucent gate.
  5763 | D:6      | Reached XP level 8. HP: 58/68 MP: 8/8
  6321 | D:6      | Killed safid's ghost
  6322 | D:6      | Reached skill level 11 in Axes
  6322 | D:6      | Reached skill level 1 in Ranged Weapons
  6322 | D:6      | Reached skill level 5 in Armour
  6331 | D:6      | Reached XP level 9. HP: 58/75 MP: 9/9
  6339 | Abyss:2  | Cast into level 2 of the Abyss (kobold brigand)
  6510 | Abyss:2  | Noticed a spatial maelstrom
  6512 | Abyss:2  | Reached skill level 12 in Axes
  6523 | Abyss:2  | Slain by a spatial maelstrom

Illustrated notes

Levels and vault maps discovered:
D:1:      sevenhm_arrival_forest_fort_small_4, layout_loops_corners,
          chequers_jeans, glass_columns_a
D:2:      layout_loops_corners, minmay_three_crescents, uniq_jessica
D:3:      layout_loops_ring, minitemple, hex_medium, uniq_robin
D:4:      layout_loops_ring, ashenzari_altar_1, minmay_temple_entry_butterflies
D:5:      layout_loops_corners, mainiacjoe_overflow_surrounded_room
D:6:      layout_basic, nicolae_tso_besieged_by_evil,
          mainiacjoe_overflow_brackets, mainiacjoe_overflow_alcove_2,
          serial_aquarium, aquarium_bridge_square [aquarium_subvault_bridge,
          aquarium_subvault_balcony, aquarium_subvault_bridge,
          aquarium_subvault_wall], aquarium_bridge_straight
          [aquarium_subvault_bridge, aquarium_subvault_balcony,
          aquarium_subvault_bridge, aquarium_subvault_wall],
          aquarium_window_fake, aquarium_window_double, aquarium_window_fake,
          aquarium_view_2f, aquarium_balcony_3b, serial_shops, shop,
          gammafunk_ghost_nasty_kobolds, serial_bayou_pond_e,
          nicolae_elevator_lobby_asterisk
Abyss:2:  base:
D:5

Skill      XL: |  1  2  3  4  5  6  7  8  9 |
---------------+----------------------------+-----
Fighting       | 4 5 |  5.8
Axes           | 5 6 7 9 11 12 | 12.1
Dodging        | 2 3 |  3.0
Armour         | 3 4 5 |  5.7
Stealth        | 1 |  1.0
Ranged Weapons | 2 |  2.3

Action                     |  1- 3 |  4- 6 |  7- 9 || total
---------------------------+-------+-------+-------++-------
  Melee: Hand axe          |    99 |   240 |   146 ||   485
         Punch             |     2 |     2 |       ||     4
 Invoke: Berserk           |     1 |     6 |     3 ||    10
         Trog's Hand       |     1 |     1 |     2 ||     4
    Use: Scroll            |     6 |     3 |       ||     9
 Armour: Animal skin       |     9 |       |       ||     9
         Chain mail        |    26 |   110 |    79 ||   215
  Dodge: Dodged            |    57 |   107 |    54 ||   218
